 Dungeon Crawl Stone Soup version 0.31-a0-1225-g50297eb6a4 (webtiles) character file.

Game seed: 11225338708371524037

108861 inmateoo the Brawler (level 16, -3/105 HPs)
             Began as a Black Draconian Shapeshifter on Dec 15, 2023.
             Was the Champion of Makhleb.
             Slain by a demonic crawler (9 damage)
             ... led by a torpor snail
             ... on level 1 of the Spider Nest.
             The game lasted 00:26:48 (23014 turns).

inmateoo the Brawler (DrSh)                        Turns: 23014, Time: 00:26:48

Health: -3/105     AC: 24    Str: 19    XL:     16   Next: 3%
Magic:  21/21      EV: 18    Int: 11    God:    Makhleb [******]
Gold:   1302       SH:  5    Dex: 16    Spells: 15/15 levels left

rFire   . .          .
                       - Unarmed
rCold   . . .        S - +0 buckler
rNeg    + . .        (body armour unavailable)
rPois   ∞            (helmet restricted)
rElec   +            l - +2 cloak {rPois}
rCorr   .            P - melded +0 pair of gloves
SInv    .            i - melded +2 pair of boots
Will    ++...        d - amulet of regeneration
Stlth   +            f - +4 ring of slaying
HPRegen 1.17/turn    F - ring of willpower
MPRegen 0.17/turn

%: no passive effects
@: statue-form, flying, very slow
A: slow and powerful, torment resistance 1, flying, reduced hp, (breathe
lightning), AC +9, unfitting armour, big wings, electricity resistance,
cold-blooded
a: Begin Untransformation, Renounce Religion, Minor Destruction, Lesser Servant
of Makhleb, Major Destruction, Greater Servant of Makhleb


You were on level 1 of the Spider Nest.
You worshipped Makhleb.
Makhleb was exalted by your worship.
You were a living statue of rough stone.
You visited 5 branches of the dungeon, and saw 24 of its levels.
You also visited: Ossuary, Bailey and Gauntlet.

You collected 2646 gold pieces.
You spent 1344 gold pieces at shops.

Inventory:

Hand Weapons
 a - the +5 dagger of Severance {elec, rElec Dex+3}
   (You found it on level 2 of the Dungeon)

   Dex+3:     It affects your dexterity (+3).
   rElec:     It insulates you from electricity.
Missiles
 v - 3 throwing nets
Armour
 i - a +2 pair of boots (melded)
 l - a +2 cloak of poison resistance (worn)
 N - a +0 tower shield of poison resistance
 P - a +0 pair of gloves (melded)
 S - a +0 buckler (worn)
Jewellery
 d - an amulet of regeneration (around neck)
 f - a +4 ring of slaying (left fist)
 r - a ring of resist corrosion
 F - a ring of willpower (right fist)
 H - the ring "Foloohyck" {rF+ Will- EV+5 Slay+6}
   (You found it in a Gauntlet)

   [ring of evasion]

   EV+5:      It affects your evasion (+5).
   Slay+6:    It affects your accuracy & damage with ranged weapons and melee
   (+6).
   rF+:       It protects you from fire.
   Will-:     It decreases your willpower.
Talismans
 y - a blade talisman
 K - a maw talisman
 T - a granite talisman (active)
Wands
 b - a wand of digging (8)
 g - a wand of paralysis (26)
 x - a wand of mindburst (25)
 z - a wand of roots (11)
 G - a wand of light (4)
Scrolls
 e - 10 scrolls of teleportation
 j - 8 scrolls of vulnerability
 n - a scroll of enchant armour
 o - 4 scrolls of fog
 w - 4 scrolls of blinking
 C - 7 scrolls of amnesia
 D - 2 scrolls of immolation
 I - 6 scrolls of identify
 J - a scroll of fear
 L - a scroll of poison
 M - a scroll of revelation
 O - a scroll of enchant weapon
Potions
 h - 5 potions of enlightenment
 k - 3 potions of cancellation
 m - 3 potions of attraction
 p - 2 potions of haste
 q - 9 potions of curing
 s - 3 potions of mutation
 t - 6 potions of resistance
 u - a potion of magic
 A - 2 potions of brilliance
 B - 3 potions of heal wounds
 E - 4 potions of might
 Q - 2 potions of invisibility
 R - a potion of ambrosia
Miscellaneous
 c - a phantom mirror


   Skills:
 + Level 13.2 Fighting
 + Level 11.3 Dodging
 + Level 3.0 Shields
 * Level 19.6 Unarmed Combat
 + Level 7.1 Invocations
 * Level 11.6 Shapeshifting


You had 15 spell levels left.
You didn't know any spells.
Your spell library contained the following spells:

 Spells                   Type           Power      Damage    Failure   Level
 Apportation              Tloc           0%         N/A       41%         1
 Kiss of Death            Conj/Necr      0%         2d5       41%         1
 Magic Dart               Conj           0%         1d3       41%         1
 Necrotise                Necr           0%         1d4       41%         1
 Slow                     Hex            0%         N/A       41%         1
 Sting                    Tmut/Pois      0%         1d3       41%         1
 Summon Small Mammal      Summ           0%         N/A       41%         1
 Blink                    Tloc           0%         N/A       56%         2
 Call Imp                 Summ           0%         N/A       56%         2
 Cigotuvi's Dreadful Rot  Necr/Pois/Air  0%         N/A       56%         2
 Lesser Beckoning         Tloc           0%         N/A       56%         2
 Momentum Strike          Conj/Tloc      0%         3d8       56%         2
 Passwall                 Tmut/Erth      0%         N/A       56%         2
 Poisonous Vapours        Pois/Air       0%         N/A       56%         2
 Searing Ray              Conj           0%         2d4       56%         2
 Wereblood                Tmut           0%         N/A       56%         2
 Confusing Touch          Hex            0%         N/A       80%         3
 Gell's Gravitas          Tloc           0%         N/A       80%         3
 Ignite Poison            Fire/Tmut/Pois 0%         N/A       80%         3
 Mephitic Cloud           Conj/Pois/Air  0%         N/A       80%         3
 Sigil of Binding         Hex            0%         N/A       80%         3
 Summon Guardian Golem    Hex/Summ       0%         N/A       80%         3
 Teleport Other           Tloc           0%         N/A       80%         3
 Vampiric Draining        Necr           0%         2d6       80%         3
 Volatile Blastmotes      Fire/Tloc      0%         2d10      80%         3
 Dispel Undead            Necr           0%         3d6       99%         4
 Fulminant Prism          Conj/Hex       0%         3d5       99%         4
 Iskenderun's Mystic Bla  Conj/Tloc      0%         2d3       99%         4
 Leda's Liquefaction      Hex/Erth       0%         N/A       99%         4
 Manifold Assault         Tloc           0%         N/A       99%         4
 Olgreb's Toxic Radiance  Pois           0%         N/A       99%         4
 Summon Ice Beast         Ice/Summ       0%         N/A       99%         4
 Vhi's Electric Charge    Tloc/Air       0%         N/A       99%         4
 Arcjolt                  Conj/Air       0%         1d10      100%        5
 Freezing Cloud           Conj/Ice/Air   0%         6-21      100%        5
 Irradiate                Conj/Tmut      0%         3d11      100%        5
 Lee's Rapid Deconstruct  Erth           0%         3d4*      100%        5
 Summon Forest            Summ/Tloc      0%         N/A       100%        5
 Summon Mana Viper        Hex/Summ       0%         N/A       100%        5
 Bombard                  Conj/Erth      0%         9d1       100%        6
 Conjure Ball Lightning   Conj/Air       0%         3x3d6     100%        6
 Dispersal                Tloc           0%         N/A       100%        6
 Plasma Beam              Fire/Air       0%         2x1d10    100%        6
 Summon Cactus Giant      Summ           0%         N/A       100%        6
 Haunt                    Necr/Summ      0%         N/A       100%        7
 Monstrous Menagerie      Summ           0%         N/A       100%        7
 Orb of Destruction       Conj           0%         9d5       100%        7
 Spellforged Servitor     Conj/Summ      0%         N/A       100%        7
 Borgnjor's Revivificati  Necr           0%         N/A       100%        8
 Disjunction              Tloc           0%         N/A       100%        8
 Death's Door             Necr           0%         N/A       100%        9


Dungeon Overview and Level Annotations

Branches:
Dungeon (15/15)            Temple (1/1) D:6            Lair (5/5) D:10
 Shoals (0/4) Lair:2       Spider (1/4) Lair:2        Slime (0/5) Lair:4
    Orc (2/2) D:12            Elf (0/3) Orc:2        Vaults (0/5) D:14
 Depths (0/4) D:15        Ossuary (visited)          Bailey (visited)
Gauntlet (visited)

Altars:
Ashenzari
Cheibriados
Dithmenos
Elyvilon
Fedhas
Gozag
Hepliaklqana
Kikubaaqudgha
Makhleb
Nemelex Xobeh
Okawaru
Qazlal
Ru
Sif Muna
Trog
Uskayaw
Vehumet
Wu Jian
Xom
Yredelemnul
Zin
The Shining One
Jiyva

Shops:
D:7 *   D:15 *   Orc:2 ![=*

Annotations:
D:8 3 runed translucent doors
D:14 3 runed translucent doors, Xuruvid's ghost, journeyman GnWn


Innate Abilities, Weirdness & Mutations

You are a living statue of rough stone.
Your actions are slow, but your melee attacks are powerful.
You are resistant to unholy torment.
You are flying.
Your maximum health is decreased, since you lack skill for your form.
Your equipment is partially melded.
((You can breathe wild blasts of lightning.))
((Your glossy black scales are hard. (AC +9)))
You cannot fit into any form of body armour.
You are immune to poison.
Your large and strong wings let you fly.
You are resistant to electric shocks. (rElec)
You are cold-blooded and may be slowed by cold attacks.


Message History

You feel yourself speed up.
The culicivora attacks as it pursues you!
The culicivora barely misses you. x2; The tarantella barely misses you.
The jumping spider leaps!
The culicivora closely misses you. The tarantella completely misses you.
The jumping spider leaps!
The culicivora bites you.
The tarantella touches you but does no damage.
The jumping spider leaps!
The demonic crawler hits you but does no damage. x2
You block the demonic crawler's attack.
The jumping spider leaps!
The tarantella completely misses you.
The demonic crawler attacks as it pursues you!
The demonic crawler misses you. The demonic crawler closely misses you.
You block the demonic crawler's attack.
The tarantella attacks as it pursues you!
The tarantella touches you but does no damage.
The demonic crawler attacks as it pursues you!
The demonic crawler hits you. x2; The demonic crawler barely misses you.
The demonic crawler closely misses you. The demonic crawler hits you!
* * * LOW HITPOINT WARNING * * *
The demonic crawler hits you but does no damage.
The tarantella misses you.
You pound the tarantella into fine dust!!!
You kill the tarantella!
Makhleb accepts your kill. You block the demonic crawler's attack.
The demonic crawler hits you but does no damage.
The demonic crawler misses you. The demonic crawler barely misses you.
You block the demonic crawler's attack. The demonic crawler hits you.
* * * LOW HITPOINT WARNING * * *
Okay, then.
Unknown command.
A demon appears!
The tarantella barely misses you. The demonic crawler hits you!
* * * LOW HITPOINT WARNING * * *
The demonic crawler closely misses you.
The demonic crawler hits you but does no damage.
The demonic crawler closely misses you. You block the demonic crawler's attack.
The demonic crawler hits you!
You die...

....^# s...# #s..#
##....#.###... #
###..w.##..#...##
##.##.#[.s..#)^.....#
...........##......#
.......†s.####....^#
........###8.#.....##
#%......sssss#......#
#####....Bs2......###
#........#........#
#........)........####
###.......####^...†..#
#.........
##...<..####
##.........
###.#.....#
.......#.###
##..#...#†##


You could see a demonic crawler (ally target), a wolf spider, an orb spider
(charged), a culicivora, a pharaoh ant, a jumping spider, a tarantella and a
friendly balrug (summoned).

Vanquished Creatures
  Jorgrun (D:14)
  3 orc warlords
  A stone giant (D:15)
  A minotaur (Gauntlet)
  A spark wasp (Spider:1)
  A rakshasa (D:15)
  7 vault guards
  4 hydras
  7 catoblepae
  An ogre mage (D:15)
  6 boulder beetles
  Erica (D:8)
  A radroach (Spider:1)
  5 centaur warriors
  4 two-headed ogres (D:15)
  12 death yaks
  6 orc high priests
  An occultist (D:15)
  A deep elf knight (Orc:1)
  2 demonic crawlers (Spider:1)
  2 skysharks
  A pharaoh ant (Spider:1)
  An obsidian statue (Gauntlet)
  An orange crystal statue (Lair:1)
  3 deep elf pyromancers
  2 wolf spiders
  5 orc knights
  A deep elf zephyrmancer (D:12)
  2 oklob plants
  5 orc sorcerers
  6 cyclopes
  2 manticores (Lair:5)
  9 ugly things
  Maurice (D:7)
  3 kobold blastminers (Orc:1)
  An eye of devastation (Gauntlet)
  3 black mambas
  A cane toad (shapeshifter) (D:15)
  14 cane toads
  A gargoyle (D:12)
  3 unseen horrors
  A yaktaur (D:15)
  A yaktaur (shapeshifter) (D:14)
  A kobold demonologist (D:14)
  A rime drake (Lair:2)
  8 komodo dragons
  A tengu conjurer (D:15)
  10 trolls
  A polar bear (Lair:4)
  2 hornets
  7 tarantellas
  11 dream sheep
  20 blink frogs
  8 slime creatures
  3 shadows
  A vampire (D:12)
  3 jumping spiders
  2 wyverns
  6 culicivoras
  3 wraiths
  52 yaks
  A redback (Spider:1)
  A golden eye (Gauntlet)
  5 steam dragons
  3 basilisks
  11 vampire mosquitoes
  Menkaure (D:7)
  3 wargs
  3 acid dragons
  12 water moccasins
  3 black bears
  A sky beast (D:8)
  46 orc warriors
  4 ogres
  An ice beast (D:6)
  12 wolves
  22 centaurs
  3 phantoms
  An elf zombie (Ossuary)
  5 kobold brigands
  7 bullfrogs
  3 scorpions
  11 wights
  13 killer bees
  2 electric eels
  A howler monkey (D:4)
  A lava snake (Lair:2)
  3 hounds
  A human zombie (Ossuary)
  A quasit (D:5)
  2 jellies
  27 orc priests
  2 gnoll boudas
  26 orc wizards
  A hound zombie (Ossuary)
  4 mummies (Ossuary)
  18 gnolls
  5 adders
  A shadow imp (D:8)
  A white imp (D:4)
  An adder zombie (Ossuary)
  2 worms
  2 dart slugs
  114 orcs
  8 ball pythons
  5 endoplasms
  3 giant cockroaches
  7 goblins
  9 hobgoblins
  7 jackals
  25 kobolds
  4 quokkas
  2 bats
  4 frilled lizards
  A goblin skeleton (D:5)
  2 goblin zombies
  6 hobgoblin zombies
  A kobold skeleton (D:5)
  3 kobold zombies
  An orc skeleton (D:5)
  An orc zombie (Ossuary)
  10 rats
  2 rat zombies (Ossuary)
763 creatures vanquished.

Notes
Turn   | Place    | Note
-------+----------+-------------------------------------------
     0 | D:1      | inmateoo the Draconian Shapeshifter began the quest for the
                  | Orb.
     0 | D:1      | Reached XP level 1. HP: 16/16 MP: 1/1
    48 | D:1      | Reached XP level 2. HP: 22/23 MP: 2/2
   636 | D:1      | Reached XP level 3. HP: 28/29 MP: 3/3
   947 | D:2      | Identified the +5 dagger of Severance {elec, rElec Dex+3}
   992 | D:2      | Reached XP level 4. HP: 5/36 MP: 4/4
  1174 | D:2      | You fall into a shaft and drop 1 floor!
  1224 | D:3      | Reached skill level 4 in Unarmed Combat
  2002 | D:3      | Reached XP level 5. HP: 41/42 MP: 5/5
  2565 | D:4      | Reached XP level 6. HP: 47/51 MP: 6/6
  2590 | D:4      | Found a sacrificial altar of Ru.
  2614 | D:4      | Reached skill level 5 in Unarmed Combat
  2678 | D:4      | Found a broken altar of Ashenzari.
  2866 | D:4      | Found a sand-covered staircase.
  2873 | Ossuary  | Entered an ossuary
  3049 | Ossuary  | Your scales start taking on a glossy black colour.
  3049 | Ossuary  | Reached XP level 7. HP: 55/57 MP: 7/7
  3049 | Ossuary  | Gained mutation: You are resistant to electric shocks.
                  | (rElec) [Black Draconian growth]
  3479 | D:4      | Found an opulent altar of Gozag.
  3528 | D:4      | Found a snail-covered altar of Cheibriados.
  3774 | D:5      | Entered Level 5 of the Dungeon
  3884 | D:5      | Noticed a steam dragon
  3885 | D:5      | Reached skill level 6 in Unarmed Combat
  3902 | D:5      | Killed a steam dragon
  4071 | D:5      | Reached XP level 8. HP: 58/67 MP: 8/8
  4142 | D:5      | Found a stormy altar of Qazlal.
  4314 | D:5      | Found a glowing golden altar of the Shining One.
  4600 | D:5      | Reached skill level 5 in Shapeshifting
  4777 | D:5      | Reached skill level 7 in Unarmed Combat
  5019 | D:5      | Reached skill level 5 in Fighting
  5342 | D:6      | Identified the +5 ring mail of Lethargy {rN+ Int+5}
  5360 | D:6      | Found a staircase to the Ecumenical Temple.
  5455 | Temple   | Entered the Ecumenical Temple
  5470 | Temple   | Became a worshipper of Makhleb the Destroyer
  5503 | D:6      | Found a blossoming altar of Fedhas.
  5530 | D:6      | Found a white marble altar of Elyvilon.
  5769 | D:6      | Reached skill level 8 in Unarmed Combat
  5786 | D:6      | Reached skill level 5 in Dodging
  6031 | D:7      | Found a flagged portal.
  6050 | Bailey   | Entered a bailey
  6080 | Bailey   | Reached XP level 9. HP: 44/75 MP: 9/9
  6944 | Bailey   | Noticed an orc knight
  6945 | Bailey   | Noticed an orc knight
  6955 | Bailey   | Reached skill level 9 in Unarmed Combat
  7295 | Bailey   | Identified the +2 arbalest of Extermination {freeze, rC++}
  7302 | D:7      | Reached skill level 13 in Unarmed Combat
  7302 | D:7      | Reached XP level 10. HP: 84/84 MP: 10/10
  7352 | D:7      | Reached * piety under Makhleb
  7382 | D:7      | Noticed Maurice
  7399 | D:7      | Killed Maurice
  7412 | D:7      | Found Tagiezxi's General Store.
  7412 | D:7      | Noticed a red ugly thing
  7424 | D:7      | Killed a green ugly thing
  7425 | D:7      | Reached skill level 14 in Unarmed Combat
  7698 | D:7      | Noticed Menkaure
  7709 | D:7      | Killed Menkaure
  8430 | D:7      | Reached ** piety under Makhleb
  8690 | D:7      | Reached XP level 11. HP: 80/84 MP: 11/11
  9065 | D:8      | Noticed Erica
  9075 | D:8      | Killed Erica
  9307 | D:8      | Found a shimmering blue altar of Sif Muna.
  9741 | D:8      | Found a runed translucent gate.
  9741 | D:8      | Found a runed translucent gate.
  9742 | D:8      | Noticed a red ugly thing
  9742 | D:8      | Noticed a cyan ugly thing
  9742 | D:8      | Noticed a green ugly thing
  9744 | D:8      | Found a runed translucent gate.
  9745 | D:8      | Noticed a purple ugly thing
  9745 | D:8      | Noticed a red ugly thing
  9888 | D:9      | Reached *** piety under Makhleb
 10364 | D:9      | Reached **** piety under Makhleb
 10374 | D:9      | Reached skill level 15 in Unarmed Combat
 10401 | D:9      | Found an ornate altar of the Wu Jian Council.
 10747 | D:10     | Entered Level 10 of the Dungeon
 10747 | D:10     | Found a staircase to the Lair.
 10770 | D:10     | Found a shimmering altar of Xom.
 11152 | D:10     | Found a basalt altar of Yredelemnul.
 11299 | D:11     | Reached XP level 12. HP: 79/103 MP: 12/12
 11820 | D:12     | Noticed a boulder beetle
 11835 | D:12     | Killed a boulder beetle
 12099 | D:12     | Found a staircase to the Orcish Mines.
 12434 | D:13     | Noticed a boulder beetle
 12445 | D:13     | Killed a boulder beetle
 12462 | D:13     | Noticed a centaur warrior
 12473 | D:13     | Killed a centaur warrior
 12474 | D:13     | Reached skill level 16 in Unarmed Combat
 12488 | D:13     | Reached ***** piety under Makhleb
 12973 | D:14     | Noticed a centaur warrior
 12974 | D:14     | Noticed a centaur warrior
 12976 | D:14     | Noticed a five-headed hydra
 12977 | D:14     | Killed a centaur warrior
 12983 | D:14     | Killed a five-headed hydra
 12990 | D:14     | Killed a centaur warrior
 13245 | D:14     | Found a runed translucent gate.
 13246 | D:14     | Found a runed translucent gate.
 13247 | D:14     | Found a runed translucent gate.
 13265 | D:14     | Found a viscous altar of Jiyva.
 13265 | D:14     | Noticed Xuruvid's ghost (journeyman GnWn)
 13265 | D:14     | Noticed an acid blob
 13332 | D:14     | Noticed a vault guard
 13332 | D:14     | Noticed a vault guard
 13332 | D:14     | Noticed a vault guard
 13332 | D:14     | Noticed a vault guard
 13333 | D:14     | Found a gate to the Vaults.
 13333 | D:14     | Noticed a vault guard
 13333 | D:14     | Noticed a vault guard
 13333 | D:14     | Noticed a vault guard
 13334 | D:14     | Noticed a vault guard
 13334 | D:14     | Noticed a boulder beetle
 13355 | D:14     | Killed a vault guard
 13370 | D:15     | Entered Level 15 of the Dungeon
 13387 | D:15     | Killed a vault guard
 13388 | D:15     | Reached XP level 13. HP: 35/113 MP: 13/13
 13462 | D:15     | Found an opulent altar of Gozag.
 13497 | D:15     | Reached skill level 10 in Fighting
 13546 | D:15     | Found a staircase to the Depths.
 13546 | D:15     | Noticed a stone giant
 13562 | D:15     | Killed a stone giant
 13801 | D:15     | Found a gate leading to a gauntlet.
 13834 | Gauntlet | Entered a Gauntlet
 13834 | Gauntlet | Found a transporter.
 13834 | Gauntlet | Found a transporter.
 13852 | Gauntlet | Found a transporter.
 13856 | Gauntlet | Found a transporter.
 13864 | Gauntlet | Found a transporter.
 13868 | Gauntlet | Found a transporter.
 13874 | Gauntlet | Found a runed translucent gate.
 13874 | Gauntlet | Found a runed translucent gate.
 13874 | Gauntlet | Found a runed translucent gate.
 13876 | Gauntlet | Found a transporter.
 13891 | Gauntlet | Found the +11 Singing Sword {sonic wave}
 13893 | Gauntlet | Found a transporter.
 13908 | Gauntlet | Found a transporter.
 13911 | Gauntlet | Found a transporter.
 13913 | Gauntlet | Found a runed translucent door.
 13915 | Gauntlet | Found a runed translucent door.
 13919 | Gauntlet | Found a transporter.
 13923 | Gauntlet | Found a transporter.
 14163 | Gauntlet | Identified the ring "Foloohyck" {rF+ Will- EV+5 Slay+6}
 14180 | Gauntlet | Noticed a minotaur
 14189 | Gauntlet | Killed a minotaur
 14190 | Gauntlet | Reached skill level 17 in Unarmed Combat
 14631 | D:15     | Found Gozag's Platinum Reserve.
 14814 | D:15     | HP: 4/115 [acid (9)]
 14912 | D:15     | Got the Papyrus of Weathered Transmogrification
 15010 | D:14     | Noticed Jorgrun
 15025 | D:14     | Killed Jorgrun
 15278 | D:14     | Reached skill level 1 in Invocations
 15368 | D:14     | Gained mutation: Your large and strong wings let you fly.
                  | [Black Draconian growth]
 15368 | D:14     | Reached XP level 14. HP: 83/124 MP: 13/15
 15464 | D:14     | Reached skill level 10 in Shapeshifting
 15466 | D:14     | Reached ****** piety under Makhleb
 15814 | Lair:1   | Entered Level 1 of the Lair of Beasts
 16115 | Lair:1   | Reached skill level 18 in Unarmed Combat
 17058 | Lair:2   | Reached skill level 10 in Dodging
 17285 | Lair:2   | Found a hole to the Spider Nest.
 17406 | Lair:2   | Found a staircase to the Shoals.
 19043 | Lair:4   | Found a staircase to the Slime Pits.
 19141 | Lair:4   | Found a dark tunnel.
 19320 | Lair:5   | Entered Level 5 of the Lair of Beasts
 19566 | Lair:5   | Reached skill level 5 in Invocations
 19702 | Lair:5   | Reached XP level 15. HP: 133/133 MP: 18/18
 20128 | Lair:5   | Reached skill level 19 in Unarmed Combat
 20769 | Orc:1    | Entered Level 1 of the Orcish Mines
 21026 | Orc:1    | Identified the +1 scimitar of the Imperium {protect, *Noise
                  | rN++ Int+2}
 21046 | Orc:2    | Entered Level 2 of the Orcish Mines
 21112 | Orc:2    | Reached skill level 1 in Shields
 21215 | Orc:2    | Found a staircase to the Elven Halls.
 22449 | Orc:2    | Found Moppyal's Armour Boutique.
 22452 | Orc:2    | Found Pagise's Jewellery Shop.
 22453 | Orc:2    | Found Dugir's Distillery.
 22454 | Orc:2    | Found Wuluucw's General Store.
 22457 | Orc:2    | Bought a potion of haste for 170 gold pieces
 22457 | Orc:2    | Bought a potion of resistance for 170 gold pieces
 22457 | Orc:2    | Bought a potion of might for 68 gold pieces
 22458 | Orc:2    | Bought a granite talisman for 900 gold pieces
 22460 | Orc:2    | Bought a potion of curing for 36 gold pieces
 22729 | Spider:1 | Entered Level 1 of the Spider Nest
 22996 | Spider:1 | Reached XP level 16. HP: 104/143 MP: 21/21
 23014 | Spider:1 | Slain by a demonic crawler

Illustrated notes

Levels and vault maps discovered:
D:1:      mrwooster_arrival_arrow, layout_basic, serial_glass, glass_columns_a,
          glass_columns_a
D:2:      layout_basic, lightli_corner_chamber
D:3:      layout_loops_cross
D:4:      layout_loops_ring, nicolae_ashenzari_panopticon,
          kennysheep_slug_shrine, nicolae_ru_path_of_blood, kennysheep_mini,
          nicolae_ossuary_entry_monument
D:5:      layout_basic, mainiacjoe_overflow_brackets,
          nicolae_tso_besieged_by_evil, grunt_ministairs_11
D:6:      layout_cave_pods, mainiacjoe_overflow_cross_hatched, elyvilon_altar_5,
          minmay_temple_entry_sparse_star
D:7:      hellmonk_ruined_rings, layout_basic, serial_shops, shop,
          enter_bailey_2, nicolae_titane, uniq_menkaure, uniq_maurice
D:8:      layout_basic, nicolae_sif_muna_condensation,
          ploomutoo_gammafunk_ghost_potion_laboratory, fountainhead, uniq_erica
D:9:      layout_long_grid, nicolae_wu_jian_immortal_techniques
D:10:     layout_big_octagon, mainiacjoe_overflow_paths,
          yredelemnul_altar_generic, lair_entry_dummy
D:11:     layout_cave_pools, serial_rivers, chequers_serial_rivers_large_a,
          chequers_serial_rivers_micro_c, chequers_serial_rivers_micro_e,
          chequers_serial_rivers_room_a
D:12:     layout_roguey, orc_0_dummy
D:13:     layout_rooms, hangedman_abyss_or_decor_jellyfish_corner
D:14:     layout_gridville, erik_vaults_2, gammafunk_ghost_ooze,
          roderic_lattice_octagonal_star, uniq_jorgrun
D:15:     grunt_enter_depths_giant_problem, layout_stronghold,
          gauntlet_entry_generic, nicolae_gozag_zags_fifth_avenue
Temple:   hellmonk_temple_beads
Lair:1:   statuecave_lemuel, layout_chaotic_city
Lair:2:   layout_gridlike, shoals_dummy_entry, spider_nest_entry_rubble,
          serial_rivers, chequers_serial_rivers_micro_a,
          chequers_serial_rivers_small_a, chequers_serial_rivers_micro_c,
          chequers_serial_rivers_small_a
Lair:3:   layout_cave_pods, infiniplex_staircase_pool_2
Lair:4:   layout_hall_layers, slime_entry_1, lightli_volcano_entry_magma_tube
Lair:5:   evilmike_catoblepas_cave, layout_regular_city, lemuel_fruit_tree,
          grunt_megastairs_3
Spider:1: layout_spider_delve, einodemon_crawler_minivault
Orc:1:    layout_diamond_mine, elf_legates
Orc:2:    st_orc_pillars, layout_caves, basic_altar

Skill      XL: |  1  2  3  4  5  6  7  8  9 10 11 12 13 14 15 16 |
---------------+-------------------------------------------------+-----
Dodging        | 2 3 4 5 6 7 8 9 10 11 | 11.3
Fighting       | 2 3 4 5 6 8 9 11 12 13 | 13.2
Unarmed Combat | 4 5 6 8 13 14 15 16 17 18 19 | 19.6
Shapeshifting  | 4 5 6 7 8 9 10 11 | 11.6
Invocations    | 1 5 7 |  7.1
Shields        | 2 3 |  3.0

Action                     |  1- 3 |  4- 6 |  7- 9 | 10-12 | 13-15 | 16-18 || total
---------------------------+-------+-------+-------+-------+-------+-------++-------
  Melee: Unarmed           |    77 |     2 |       |   706 |  1103 |    11 ||  1899
         Tailslap          |    10 |    10 |    33 |   138 |   240 |     2 ||   433
         Punch             |     1 |     4 |    11 |       |    67 |       ||    83
         Dagger            |       |   127 |   239 |       |       |       ||   366
         Maw               |       |       |       |       |   290 |       ||   290
 Invoke: Greater Servant o |       |       |       |       |       |     1 ||     1
Ability: Breathe Lightning |       |       |     1 |     4 |     7 |       ||    12
  Evoke: Wand              |       |       |       |     2 |     2 |       ||     4
    Use: Potion            |     1 |       |    10 |     1 |     1 |       ||    13
         Scroll            |       |       |    19 |     6 |     8 |       ||    33
   Stab: Sleeping          |     1 |     1 |     5 |       |       |       ||     7
         Distracted        |       |       |     1 |       |       |       ||     1
         Invisible         |       |       |       |     3 |     2 |       ||     5
 Armour: Skin              |    47 |    76 |   166 |   441 |   688 |    50 ||  1468
  Dodge: Dodged            |    43 |    75 |   150 |   754 |   784 |    40 ||  1846
  Block: Buckler           |       |       |       |       |    94 |    16 ||   110
   Form: Beast             |     1 |       |       |       |       |       ||     1
                           |       |     1 |       |       |       |       ||     1
         Flux              |       |       |       |     1 |       |       ||     1
         Maw               |       |       |       |       |     1 |       ||     1
         Statue            |       |       |       |       |     1 |       ||     1

Table legend: (Time is in decaauts)
 A = Elapsed time spent in this place.
 B = Non-inter-level travel time spent in this place.
 C = Inter-level travel time spent in this place.
 D = Time resting spent in this place.
 E = Time spent auto-exploring this place.
 F = Levels seen in this place.
 G = Mean time per level.
                   A        B        C        D        E       F      G
               +--------+--------+--------+--------+--------+-----+--------+
         Total |  22573 |  21290 |   1283 |   4251 |  12171 |  27 |  836.0 |
       Dungeon |  13988 |  13320 |    668 |   2707 |   7911 |  15 |  932.5 |
        Temple |     30 |      2 |     28 |      0 |      0 |   1 |   30.0 |
          Lair |   4842 |   4437 |    405 |    453 |   3071 |   5 |  968.4 |
   Spider Nest |    174 |    174 |      0 |      0 |     49 |   1 |  174.0 |
  Orcish Mines |   1678 |   1497 |    181 |     67 |    834 |   2 |  839.0 |
       Ossuary |    255 |    255 |      0 |     62 |     88 |   1 |  255.0 |
        Bailey |   1230 |   1230 |      0 |    858 |    115 |   1 | 1230.0 |
      Gauntlet |    373 |    373 |      0 |    102 |    103 |   1 |  373.0 |
               +--------+--------+--------+--------+--------+-----+--------+

Top non-repeatable levels by time:
     D:7: 1333 daAuts
     D:5: 1253 daAuts
    D:15: 1244 daAuts
  Bailey: 1230 daAuts
   Orc:2: 1196 daAuts
     D:4: 1145 daAuts
     D:6: 1050 daAuts
    D:14: 1039 daAuts
  Lair:5: 1038 daAuts
  Lair:4: 1022 daAuts
     D:8: 988 daAuts
  Lair:2: 967 daAuts
  Lair:1: 925 daAuts
  Lair:3: 888 daAuts
     D:1: 886 daAuts
